APP
BILLINGS MUSTANGS @ JOHNSON CITY CARDINALS
07/29/2044
 
TOP OF THE 1ST
Billings Mustangs batting - Pitching for Johnson City Cardinals : RHP Keith Anter
Pitching: RHP Keith Anter
Batting: RHB Nick Miller 0-0: Ground out 1-3 (Groundball, 34S, EV 63.8 MPH)
Batting: LHB Matthew Berry 0-0: Called Strike
0-1: Ball
1-1: Ball
2-1: Swinging Strike
2-2: Foul Ball, location: 2F
2-2: Foul Ball, location: 2F
2-2: Foul Ball, location: 2F
2-2: Foul Ball, location: 2F
2-2: Strikes out swinging
Batting: LHB David Moore 0-0: Ball
1-0: Called Strike
1-1: Foul Ball, location: 2F
1-2: Foul Ball, location: 2F
1-2: Foul Ball, location: 2F
1-2: Foul Ball, location: 2F
1-2: Foul Ball, location: 2F
1-2: Ball
2-2: Ball
3-2: SOLO HOME RUN (Flyball, 7D, EV 98.8 MPH), Distance : 397 ft
Batting: RHB Jonathan Robies 0-0: Ball
1-0: Fly out, F9 (Flyball, 9, EV 89.4 MPH)
Top of the 1st over - 1 run, 1 hit, 0 errors, 0 left on base; Billings 1 - Johnson City 0
BOTTOM OF THE 1ST
Johnson City Cardinals batting - Pitching for Billings Mustangs : RHP Taneo Kobayashi
Pitching: RHP Taneo Kobayashi
Batting: RHB Fortunato Fteira 0-0: Ball
1-0: Ball
2-0: Ball
3-0: Base on Balls
Batting: SHB Jason Kirby 0-0: Ball
Fortunato Fteira steals 2nd base
1-0: Ball
2-0: Fly out, F6 (Popup, 6MD, EV 52.5 MPH)
Batting: LHB Billy Guzman 0-0: Ball
1-0: Ball
2-0: Called Strike
2-1: Foul Ball, location: 2F
2-2: Ball
3-2: Foul Ball, location: 2F
3-2: Base on Balls
Batting: RHB Pat Scaturro 0-0: Foul Ball, location: 2F
0-1: Fielders Choice at 2nd, 5-4 (Groundball, 56S, EV 89.4 MPH)
Fortunato Fteira to third
Batting: RHB Josh Broome 0-0: Swinging Strike
0-1: Fly out, F8 (Flyball, 78XD, EV 108.8 MPH)
Bottom of the 1st over - 0 runs, 0 hits, 0 errors, 2 left on base; Billings 1 - Johnson City 0
TOP OF THE 2ND
Billings Mustangs batting - Pitching for Johnson City Cardinals : RHP Keith Anter
Batting: LHB Jon Goddard 0-0: Ball
1-0: Called Strike
1-1: SOLO HOME RUN (Flyball, 9D, EV 103.8 MPH), Distance : 376 ft
Batting: RHB Jay Jacobson 0-0: Called Strike
0-1: Swinging Strike
0-2: Strikes out swinging
Batting: RHB Yutaka Sato 0-0: Ball
1-0: Swinging Strike
1-1: Swinging Strike
1-2: Foul Ball, location: 2F
1-2: Ball
2-2: Strikes out looking
Batting: RHB Cyd Carver 0-0: Swinging Strike
0-1: Ball
1-1: Called Strike
1-2: Strikes out looking
Top of the 2nd over - 1 run, 1 hit, 0 errors, 0 left on base; Billings 2 - Johnson City 0
BOTTOM OF THE 2ND
Johnson City Cardinals batting - Pitching for Billings Mustangs : RHP Taneo Kobayashi
Batting: RHB Herbert Loveless 0-0: Foul Ball, location: 2F
0-1: Ball
1-1: Ball
2-1: Ball
3-1: Called Strike
3-2: Base on Balls
Batting: RHB Mario Mendoza 0-0: Called Strike
0-1: Swinging Strike
0-2: Ball
1-2: Ball
2-2: Ground out 6-3 (Groundball, P, EV 80.0 MPH)
Herbert Loveless to second
Batting: RHB Geoff Musico 0-0: Ball
1-0: Foul Ball, location: 2F
1-1: Ball
2-1: SINGLE (Line Drive, 7S, EV 106.9 MPH)
Herbert Loveless to third
Runner from 3rd tries for Home, SAFE, throw by LF to home
Batting: RHB David Klein 0-0: Fly out, F8 (Flyball, 8RM, EV 85.6 MPH)
Batting: RHB Fortunato Fteira 0-0: Called Strike
0-1: Foul Ball, location: 2F
0-2: Ball
1-2: Ball
2-2: Foul Ball, location: 2F
2-2: Fly out, F1 (Line Drive, P, EV 66.9 MPH)
Bottom of the 2nd over - 1 run, 1 hit, 0 errors, 1 left on base; Billings 2 - Johnson City 1
TOP OF THE 3RD
Billings Mustangs batting - Pitching for Johnson City Cardinals : RHP Keith Anter
Batting: RHB Jon Monteith 0-0: Ball
1-0: Ball
2-0: Fly out, F4 (Line Drive, 4, EV 71.9 MPH)
Batting: RHB Nick Miller 0-0: Called Strike
0-1: Ball
1-1: Swinging Strike
1-2: Foul Ball, location: 2F
1-2: Ball
2-2: Strikes out looking
Batting: LHB Matthew Berry 0-0: Foul Ball, location: 2F
0-1: Foul Ball, location: 2F
0-2: Ball
1-2: Ball
2-2: DOUBLE (Line Drive, 9LM, EV 106.9 MPH)
Batting: LHB David Moore 0-0: Ball
1-0: Foul Ball, location: 2F
1-1: Ball
2-1: Foul Ball, location: 2F
2-2: Ball
3-2: Fly out, F9 (Flyball, 89M, EV 76.9 MPH)
Top of the 3rd over - 0 runs, 1 hit, 0 errors, 1 left on base; Billings 2 - Johnson City 1
BOTTOM OF THE 3RD
Johnson City Cardinals batting - Pitching for Billings Mustangs : RHP Taneo Kobayashi
Batting: SHB Jason Kirby 0-0: Ball
1-0: Called Strike
1-1: Foul Ball, location: 2F
1-2: Ball
2-2: Ball
3-2: Ground out 4-3 (Groundball, 4, EV 90.6 MPH)
Batting: LHB Billy Guzman 0-0: Called Strike
0-1: Ball
1-1: DOUBLE (Line Drive, 9LM, EV 95.0 MPH)
Pinch Runner at 2nd Vic Nelson:
Batting: RHB Pat Scaturro 0-0: Ball
1-0: Called Strike
1-1: Ball
2-1: DOUBLE (Line Drive, 8LD, EV 105.6 MPH)
Vic Nelson scores
Batting: RHB Josh Broome 0-0: Called Strike
0-1: Ball
1-1: Foul Ball, location: 2F
1-2: Strikes out swinging
Batting: RHB Herbert Loveless 0-0: Ball
1-0: Ball
2-0: Called Strike
2-1: Ball
3-1: Foul Ball, location: 2F
3-2: Ground out 6-3 (Groundball, 6, EV 82.5 MPH)
Bottom of the 3rd over - 1 run, 2 hits, 0 errors, 1 left on base; Billings 2 - Johnson City 2
TOP OF THE 4TH
Billings Mustangs batting - Pitching for Johnson City Cardinals : RHP Keith Anter
Now at 1B: Vic Nelson
Now at SS: David Klein
Batting: RHB Jonathan Robies 0-0: Ball
1-0: Foul Ball, location: 2F
1-1: Called Strike
1-2: Strikes out swinging
Batting: LHB Jon Goddard 0-0: Ball
1-0: Ball
2-0: Foul Ball, location: 2F
2-1: Swinging Strike
2-2: SINGLE (Groundball, 34D, EV 103.8 MPH)
Batting: RHB Jay Jacobson 0-0: Ball
Wild Pitch!
Jon Goddard to second
1-0: Ball
2-0: Ball
3-0: Called Strike
3-1: Base on Balls
Batting: RHB Yutaka Sato 0-0: Ball
1-0: Ball
2-0: Ball
3-0: Called Strike
3-1: Base on Balls
Jon Goddard to third
Jay Jacobson to second
Batting: RHB Cyd Carver 0-0: Ball
Wild Pitch!
Jon Goddard scores
Jay Jacobson to third
Yutaka Sato to second
1-0: Ground out 6-3 (Groundball, P, EV 84.4 MPH)
Batting: RHB Jon Monteith 0-0: Fly out, F8 (Line Drive, 8RD, EV 83.8 MPH)
Top of the 4th over - 1 run, 1 hit, 0 errors, 2 left on base; Billings 3 - Johnson City 2
BOTTOM OF THE 4TH
Johnson City Cardinals batting - Pitching for Billings Mustangs : RHP Taneo Kobayashi
Batting: RHB Mario Mendoza 0-0: Ball
1-0: Ball
2-0: Ball
3-0: Base on Balls
Pitching: RHP Jaime Kijowski
Batting: RHB Geoff Musico 0-0: Ball
1-0: Called Strike
1-1: Foul Ball, location: 2F
1-2: Strikes out swinging
Batting: RHB David Klein 0-0: Called Strike
Mario Mendoza steals 2nd, throwing error, E2
Mario Mendoza to third
0-1: Ball
1-1: Ball
2-1: Ball
Wild Pitch!
Mario Mendoza scores
3-1: Ground out 6-3 (Groundball, 6D, EV 80.0 MPH)
Batting: RHB Fortunato Fteira 0-0: Called Strike
0-1: Ball
1-1: Swinging Strike
1-2: Strikes out swinging
Bottom of the 4th over - 1 run, 0 hits, 1 error, 0 left on base; Billings 3 - Johnson City 3
TOP OF THE 5TH
Billings Mustangs batting - Pitching for Johnson City Cardinals : RHP Keith Anter
Pitching: LHP Brian Rhyne
Batting: RHB Nick Miller 0-0: Ball
1-0: Ball
2-0: Swinging Strike
2-1: Called Strike
2-2: SINGLE (Line Drive, 7S, EV 96.9 MPH)
Batting: LHB Matthew Berry 0-0: Ball
1-0: Called Strike
1-1: Called Strike
1-2: Strikes out swinging
Batting: LHB David Moore 0-0: Called Strike
0-1: Ball
Nick Miller steals 2nd base (no throw)
1-1: Foul Ball, location: 2F
1-2: Ball
2-2: Foul Ball, location: 2F
2-2: Foul Ball, location: 2F
2-2: Ball
3-2: SINGLE (Line Drive, 78M, EV 102.5 MPH)
Nick Miller to third
Runner from 3rd tries for Home, throw by CF and OUT! 8-2
Batting: RHB Jonathan Robies 0-0: Called Strike
0-1: Ground out 4-3 (Groundball, 4, EV 86.9 MPH)
Top of the 5th over - 0 runs, 2 hits, 0 errors, 1 left on base; Billings 3 - Johnson City 3
BOTTOM OF THE 5TH
Johnson City Cardinals batting - Pitching for Billings Mustangs : RHP Jaime Kijowski
Batting: SHB Jason Kirby 0-0: Called Strike
0-1: Foul Ball, location: 2F
0-2: Ball
1-2: Foul Ball, location: 2F
1-2: Ball
2-2: Ball
3-2: Foul Ball, location: 2F
3-2: Base on Balls
Batting: RHB Vic Nelson 0-0: Called Strike
0-1: Fielders Choice at 2nd, 5-4 (Groundball, 56, EV 103.8 MPH)
Batting: RHB Pat Scaturro 0-0: Ball
1-0: Called Strike
1-1: Ball
2-1: 2-RUN HOME RUN (Flyball, 78XD, EV 102.5 MPH), Distance : 409 ft
Batting: RHB Josh Broome 0-0: SINGLE (Flyball, 4D, EV 92.5 MPH)
Batting: RHB Herbert Loveless 0-0: Ball
1-0: Ball
2-0: Called Strike
Josh Broome steals 2nd base
2-1: Foul Ball, location: 2F
2-2: Strikes out looking
Batting: RHB Mario Mendoza 0-0: Ball
1-0: Ball
2-0: Ball
3-0: Called Strike
3-1: Base on Balls
Batting: RHB Geoff Musico 0-0: Called Strike
0-1: Foul Ball, location: 2F
0-2: Strikes out swinging
Bottom of the 5th over - 2 runs, 2 hits, 0 errors, 2 left on base; Billings 3 - Johnson City 5
TOP OF THE 6TH
Billings Mustangs batting - Pitching for Johnson City Cardinals : LHP Brian Rhyne
Batting: LHB Jon Goddard 0-0: Ball
1-0: Ball
2-0: Called Strike
2-1: Swinging Strike
2-2: Strikes out swinging
Batting: RHB Jay Jacobson 0-0: Foul Ball, location: 2F
0-1: Foul Ball, location: 2F
0-2: Strikes out swinging
Batting: RHB Yutaka Sato 0-0: Swinging Strike
0-1: Called Strike
0-2: Fly out, F6 (Line Drive, 6, EV 69.4 MPH)
Top of the 6th over - 0 runs, 0 hits, 0 errors, 0 left on base; Billings 3 - Johnson City 5
BOTTOM OF THE 6TH
Johnson City Cardinals batting - Pitching for Billings Mustangs : RHP Jaime Kijowski
Batting: RHB David Klein 0-0: Called Strike
0-1: Ball
1-1: Ball
2-1: Ball
3-1: Called Strike
3-2: Foul Ball, location: 2F
3-2: Base on Balls
Pitching: LHP Paul Fuller
Batting: RHB Fortunato Fteira 0-0: Ball
1-0: Fielders Choice at 2nd, 6-4 (Groundball, 6, EV 88.1 MPH)
Batting: SHB Jason Kirby 0-0: Fielders Choice at 2nd, 3-6 (Groundball, 34, EV 80.0 MPH)
Batting: RHB Vic Nelson 0-0: Swinging Strike
0-1: Ball
1-1: Hit by Pitch
Jason Kirby to second
Batting: RHB Pat Scaturro 0-0: Called Strike
Vic Nelson is caught stealing 2nd base 2-4
Jason Kirby steals 3rd base
Bottom of the 6th over - 0 runs, 0 hits, 0 errors, 1 left on base; Billings 3 - Johnson City 5
TOP OF THE 7TH
Billings Mustangs batting - Pitching for Johnson City Cardinals : LHP Brian Rhyne
Pitching: LHP Kevin Turner
Batting: RHB Cyd Carver 0-0: Foul Ball, location: 2F
0-1: Foul Ball, location: 2F
0-2: SINGLE (Groundball, 6MS, EV 70.0 MPH) (infield hit)
Batting: RHB Jon Monteith 0-0: Ball
Wild Pitch!
Cyd Carver to second
1-0: Foul Ball, location: 2F
1-1: Called Strike
1-2: Reached via error on a dropped throw from 2B, E3 (Groundball, 34D, EV 98.1 MPH)
Cyd Carver to third
Batting: RHB Nick Miller 0-0: Foul Ball, location: 2F
0-1: Foul Ball, location: 2F
0-2: Ball
1-2: Strikes out looking
Batting: LHB Matthew Berry 0-0: Ball
1-0: Ball
2-0: Ball
3-0: Called Strike
3-1: Swinging Strike
3-2: Fly out, F9 (Flyball, 9D, EV 88.8 MPH)
Runner from 3rd tags up, SCORES, no throw by RF
Batting: LHB David Moore 0-0: Ball
1-0: Ball
2-0: Foul Ball, location: 2F
2-1: Ground out 4-3 (Groundball, 4M, EV 83.1 MPH)
Top of the 7th over - 1 run, 1 hit, 1 error, 1 left on base; Billings 4 - Johnson City 5
BOTTOM OF THE 7TH
Johnson City Cardinals batting - Pitching for Billings Mustangs : LHP Paul Fuller
Batting: RHB Pat Scaturro 0-0: Ground out 6-3 (Groundball, 56, EV 99.4 MPH)
Batting: RHB Josh Broome 0-0: Fly out, F9 (Line Drive, 9D, EV 90.6 MPH)
Batting: RHB Herbert Loveless 0-0: Called Strike
0-1: Ball
1-1: Ground out 6-3 (Groundball, 6, EV 78.8 MPH)
Bottom of the 7th over - 0 runs, 0 hits, 0 errors, 0 left on base; Billings 4 - Johnson City 5
TOP OF THE 8TH
Billings Mustangs batting - Pitching for Johnson City Cardinals : LHP Kevin Turner
Pitching: LHP Carlos Salcido
Batting: RHB Jonathan Robies 0-0: Ball
1-0: Ball
2-0: Ball
3-0: Called Strike
3-1: Foul Ball, location: 2F
3-2: Strikes out looking
Batting: LHB Jon Goddard 0-0: Called Strike
0-1: Ball
1-1: Called Strike
1-2: Foul Ball, location: 2F
1-2: Ball
2-2: Ball
3-2: Foul Ball, location: 2F
3-2: SINGLE (Line Drive, 89D, EV 108.8 MPH)
Batting: RHB Jay Jacobson 0-0: Ball
1-0: Fly out, F4 (Flyball, 34D, EV 84.4 MPH)
Pitching: RHP Ray Strehler
Batting: RHB Yutaka Sato 0-0: Ball
1-0: Ball
2-0: Fielders Choice at 2nd, 6-4 (Groundball, 6, EV 90.6 MPH)
Top of the 8th over - 0 runs, 1 hit, 0 errors, 1 left on base; Billings 4 - Johnson City 5
BOTTOM OF THE 8TH
Johnson City Cardinals batting - Pitching for Billings Mustangs : LHP Paul Fuller
Batting: RHB Mario Mendoza 0-0: Called Strike
0-1: Ball
1-1: Called Strike
1-2: Foul Ball, location: 2F
1-2: Ground out U3 (Groundball, 34, EV 86.9 MPH)
Batting: RHB Geoff Musico 0-0: Ball
1-0: Ball
2-0: Ball
3-0: Base on Balls
Pitching: RHP Vladislav Prochazka
Batting: RHB David Klein 0-0: Ball
1-0: Called Strike
1-1: Swinging Strike
1-2: Ball
2-2: Ball
3-2: Fielders Choice at 2nd, 4-6 (Groundball, 4M, EV 84.4 MPH)
Batting: RHB Fortunato Fteira 0-0: Ball
David Klein steals 2nd base
1-0: Called Strike
1-1: Ground out 4-3 (Groundball, 4, EV 84.4 MPH)
Bottom of the 8th over - 0 runs, 0 hits, 0 errors, 1 left on base; Billings 4 - Johnson City 5
TOP OF THE 9TH
Billings Mustangs batting - Pitching for Johnson City Cardinals : RHP Ray Strehler
Pitching: RHP Austin Akers
Batting: RHB Cyd Carver 0-0: Foul Ball, location: 2F
0-1: Ball
1-1: SINGLE (Line Drive, 9S, EV 98.8 MPH)
Batting: RHB Jon Monteith 0-0: Ball
Cyd Carver steals 2nd base
1-0: Ball
2-0: Called Strike
2-1: Called Strike
2-2: Foul Ball, location: 2F
2-2: Strikes out swinging
Batting: RHB Nick Miller 0-0: Ball
Cyd Carver steals 3rd base
1-0: Fly out, F8 (Line Drive, 8RD, EV 85.0 MPH)
Runner from 3rd tags up, SCORES, no throw by CF
Batting: LHB Matthew Berry 0-0: Ball
1-0: Ball
2-0: Called Strike
2-1: Foul Ball, location: 2F
2-2: Foul Ball, location: 2F
2-2: Strikes out looking
Top of the 9th over - 1 run, 1 hit, 0 errors, 0 left on base; Billings 5 - Johnson City 5
BOTTOM OF THE 9TH
Johnson City Cardinals batting - Pitching for Billings Mustangs : RHP Vladislav Prochazka
Batting: SHB Jason Kirby 0-0: Called Strike
0-1: SINGLE (Line Drive, 6MD, EV 96.2 MPH)
Batting: RHB Vic Nelson 0-0: Ball
1-0: Foul Ball, location: 2F
1-1: Ball
2-1: SINGLE (Groundball, 56D, EV 98.8 MPH)
Jason Kirby to second
Batting: RHB Pat Scaturro 0-0: Ball
1-0: Ball
2-0: Called Strike
2-1: Foul Ball, location: 2F
2-2: SINGLE (Groundball, 25, EV 70.0 MPH) (infield hit)
Jason Kirby to third
Vic Nelson to second
Pitching: RHP Juan Hernandez
Batting: RHB Josh Broome 0-0: Called Strike
0-1: Ball
1-1: SINGLE (Groundball, 56D, EV 96.9 MPH)
Jason Kirby scores
Bottom of the 9th over - 1 run, 4 hits, 0 errors, 0 left on base; Billings 5 - Johnson City 6
Game Over ... Johnson City defeats Billings, 6 to 5
Thursday, March 31st , 2022 - OOTP Baseball 22.12 Build 89